 Dungeon Crawl Stone Soup version 0.25.0-45-g978344163c (webtiles) character file.

Game seed: 2917725291548785489

36 Ethylacetat the Ruffian (level 3, 0/32 HPs)
             Began as a Naga Transmuter on July 11, 2020.
             Succumbed to an adder's poison
             ... on level 2 of the Dungeon.
             The game lasted 00:02:31 (1082 turns).

Ethylacetat the Ruffian (Naga Transmuter)           Turns: 1082, Time: 00:02:32

Health: 0/32       AC:  6    Str: 13    XL:     3   Next: 37%
Magic:  6/6        EV: 10    Int: 13    God:
Gold:   11         SH:  0    Dex: 13    Spells: 5/6 levels left

rFire    . . .     SeeInvis +     - Unarmed
rCold    . . .     Gourm    .   (no shield)
rNeg     . . .     Faith    .   b - +0 robe
rPois    +         Spirit   .   (no helmet)
rElec    .         Reflect  .   (no cloak)
rCorr    .         Harm     .   (no gloves)
MR       .....                  (no barding)
Stlth    +.........             (no amulet)
HPRegen  0.10/turn              (no ring)
MPRegen  0.10/turn              (no ring)

@: lethally poisoned (0 -> -1), very slightly contaminated, invisible
(expiring), very slow
A: large, slimy green scales 1, yellow scales 1, see invisible, agile 1,
deformed body, poison resistance, slowness 2, slow metabolism 1, spit poison 2,
AC +1
a: Breathe Poison Gas


You were on level 2 of the Dungeon.
You were not hungry.

You visited 1 branch of the dungeon, and saw 2 of its levels.

You collected 11 gold pieces.

Inventory:

Missiles
 a - 36 arrows
Armour
 b - a +0 robe (worn)
Scrolls
 f - 4 scrolls of identify {unknown}
Comestibles
 d - 3 rations


   Skills:
 + Level 1.7 Fighting
 - Level 1.5 Dodging
 + Level 3.3 Unarmed Combat
 + Level 2.4 Spellcasting
 + Level 2.5 Transmutations


You had 5 spell levels left.
You knew the following spells:

 Your Spells              Type           Power        Failure   Level  Hunger
a - Beastly Appendage     Tmut           #.....       9%          1    #......

Your spell library contained the following spells:

 Spells                   Type           Power        Failure   Level  Hunger
 Sticks to Snakes         Tmut           #.......     13%         2    ###....
 Spider Form              Tmut/Pois      #.........   41%         3    ###....
 Ice Form                 Ice/Tmut       #.......     82%         4    #####..
 Blade Hands              Tmut           #.........   94%         5    ######.


Dungeon Overview and Level Annotations

Branches:
Dungeon (2/15)

Altars:


Innate Abilities, Weirdness & Mutations

You cannot wear boots.
Your serpentine skin is tough. (AC +1)
You have supernaturally acute eyesight. (SInv)
Armour fits poorly on your strangely shaped body.
Your system is resistant to poisons. (rPois)
You cover ground very slowly.
You have a slow metabolism.
You can exhale a cloud of poison.
You are partially covered in slimy green scales. (AC +2)
You are partially covered in yellow scales. (AC +2)
You are agile. (Dex +2)


Message History

* * * LOW HITPOINT WARNING * * *
You feel sick.
It was a potion of mutation.
You feel extremely strange.
You feel agile.
Slimy green scales grow over part of your body.
Yellow scales grow over part of your body.
There is a nasty taste in your mouth for a moment.
It was a potion of invisibility.
You fade into invisibility!
You are very lightly contaminated with residual magic.
As you read the scroll labeled QELLEO PAT QYPH, it crumbles to dust.
It is a scroll of enchant weapon.
You aren't carrying any weapons that can be enchanted.
You have got your breath back.
* * * LOW HITPOINT WARNING * * *
You feel sick.
* * * LOW HITPOINT WARNING * * *
You feel sick.
You flicker for a moment.
You die...

.. .. #. # .##
#.####..#
#.#.#.#.###
#.....<...#
#.#.#.#.#.#
#.....@...#
...#.#.#.#.#
#.........#
#..#.#.#.#.#
#.....##[.....
#... (...#.#
##.# ######.#
#. # #


There were no monsters in sight!

Vanquished Creatures
  An adder (D:2)
  An ooze (D:2)
  A dart slug (D:1)
  2 ball pythons (D:1)
  A giant cockroach (D:1)
  2 hobgoblins (D:1)
  3 jackals (D:1)
  3 kobolds (D:1)
  A bat (D:1)
  A frilled lizard (D:1)
  5 rats
21 creatures vanquished.

Notes
Turn   | Place    | Note
-------+----------+-------------------------------------------
     0 | D:1      | Ethylacetat the Naga Transmuter began the quest for the
                  | Orb.
     0 | D:1      | Reached XP level 1. HP: 18/18 MP: 3/3
    56 | D:1      | Reached XP level 2. HP: 25/25 MP: 5/5
  1015 | D:2      | Reached XP level 3. HP: 26/31 MP: 6/6
  1071 | D:2      | Gained mutation: You are agile. (Dex +2) [potion of
                  | mutation]
  1071 | D:2      | Gained mutation: You are partially covered in slimy green
                  | scales. (AC +2) [potion of mutation]
  1071 | D:2      | Gained mutation: You are partially covered in yellow
                  | scales. (AC +2) [potion of mutation]
  1071 | D:2      | Gained mutation: You can exhale a cloud of poison. [potion
                  | of mutation]
  1078 | D:2      | HP: 1/32 [poisoned by an adder]
  1082 | D:2      | Succumbed to an adder's poison

Illustrated notes

Levels and vault maps discovered:
D:1:      eino_arrival_tree_alley, layout_loops_corners
D:2:      layout_loops_corners, st_stairs_8

Action                   || total
-------------------------++-------
Melee: Unarmed           ||    44
       Punch             ||     1
 Abil: Spit Poison       ||    20
  Use: Potion            ||     2
       Scroll            ||     1
  Eat: Chunk             ||     1
Armor: Robe              ||    12
Dodge: Dodged            ||    21
